 Dungeon Crawl Stone Soup version 0.32-a0-768-g0f6f1dd4b9 (webtiles) character file.

Game seed: 1199611179286692683

1584039 Ge0ff the Shapeless Dwarf (level 27, 319/319 HPs)
             Began as a Mountain Dwarf Shapeshifter on Mar 17, 2024.
             Was an Elder of Nemelex Xobeh.
             Escaped with the Orb
             ... and 3 runes on Mar 18, 2024!
             The game lasted 03:36:29 (82079 turns).

Ge0ff the Shapeless Dwarf (MDSh)                   Turns: 82079, Time: 03:36:30

Health: 319/319    AC: 44    Str: 29    XL:     27
Magic:  38/46      EV: 16    Int: 14    God:    Nemelex Xobeh [****..]
Gold:   4168       SH: 17    Dex: 13    Spells: 24/46 levels left

rFire   + + .        m - +6 hammer of the Fool {heavy, rN++ MP+9}
rCold   . . .        L - +3 warlock's mirror {omnireflect}
rNeg    + + +        p - melded +3 troll leather armour {Snorg}
rPois   ∞            Q - +2 helmet of the Gardener {Int-2 Slay+6}
rElec   +            D - +2 cloak
rCorr   .            k - melded +2 pair of gloves of Sunlight {Dex+3 Slay+3}
SInv    +            G - melded +2 pair of boots {Stlth+}
Will    +++..        f - brooch of Shielding {Spirit SH+8}
Stlth   +            r - ring "Suicwe" {rPois rF+ Dex+5 Stlth-}
HPRegen 0.73/turn    Y - ring of Jofen {rF+ Will+ Slay+3 SInv, =R}
MPRegen 0.30/turn

%: reflection, guardian spirit
@: statue-form, studying 2 skills, very slow
A: slow and powerful, torment resistance 1, boosted hp, runic magic, artefact
enchanting, clever 1, sense surroundings 1, subdued magic 1
0: Orb of Zot
}: 3/15 runes: decaying, serpentine, silver
a: Begin Untransformation, Renounce Religion, Draw Escape, Draw Destruction,
Draw Summoning, Draw Stack, Triple Draw, Deal Four


You escaped.
You worshipped Nemelex Xobeh.
Nemelex Xobeh was greatly pleased with you.
You were a living statue of rough stone.
You visited 11 branches of the dungeon, and saw 51 of its levels.
You visited 2 bazaars.
You also visited: Gauntlet, Volcano and Wizlab.

You collected 9264 gold pieces.
You spent 5096 gold pieces at shops.

Inventory:

Hand Weapons
 a - the +10 demon whip of the Three Continents {elec, Will+ Int+3 Dex+3}
   (You acquired it on level 4 of the Lair of Beasts)

   Int+3:     It affects your intelligence (+3).
   Dex+3:     It affects your dexterity (+3).
   Will+:     It increases your willpower.
 b - a +7 sacred scourge of holy wrath
 m - the +6 hammer of the Fool (weapon) {heavy, rN++ MP+9}
   (You found it on level 5 of the Dungeon)

   rN++:      It greatly protects you from negative energy.
   MP+9:      It affects your magic capacity (+9).
Missiles
 g - a throwing net {=F}
 h - 3 boomerangs
 t - 4 javelins
 v - 14 curare-tipped darts {=F}
 x - 2 darts of dispersal
 P - 7 silver javelins
Armour
 k - the +2 pair of gloves of Sunlight (melded) {Dex+3 Slay+3}
   (You bought it in a shop in a bazaar)

   Dex+3:     It affects your dexterity (+3).
   Slay+3:    It affects your accuracy & damage with ranged weapons and melee
   (+3).
 p - a +3 troll leather armour (melded) {Snorg}
 D - a +2 cloak (worn)
 G - a +2 pair of boots of stealth (melded)
 L - the +3 warlock's mirror (worn) {omnireflect}
   (You acquired it on level 4 of the Lair of Beasts)

   Omnireflect: It can block and reflect piercing ranged attacks and magical
   attacks against the wielder's willpower.
 Q - the +2 helmet of the Gardener (worn) {Int-2 Slay+6}
   (You found it on level 1 of the Crypt)

   Int-2:     It affects your intelligence (-2).
   Slay+6:    It affects your accuracy & damage with ranged weapons and melee
   (+6).
Jewellery
 f - the brooch of Shielding (around neck) {Spirit SH+8}
   (You bought it in a shop on level 1 of the Snake Pit)

   [amulet of guardian spirit]

   Spirit:    It causes incoming damage to be divided between your reserves of
   health and magic.
   SH+8:      It affects your SH (+8).
 r - the ring "Suicwe" (left fist) {rPois rF+ Dex+5 Stlth-}
   (You found it on level 5 of the Lair of Beasts)

   [ring of protection from fire]

   Dex+5:     It affects your dexterity (+5).
   rF+:       It protects you from fire.
   rPois:     It protects you from poison.
   Stlth-:    It makes you less stealthy.
 A - the ring of Duze Sus {rPois rC+ Int+4}
   (You found it on level 1 of the Crypt)

   [ring of protection from cold]

   Int+4:     It affects your intelligence (+4).
   rC+:       It protects you from cold.
   rPois:     It protects you from poison.
 O - the ring "Notite" {rCorr AC+4}
   (You acquired it on level 4 of the Realm of Zot)

   [ring of protection]

   AC+4:      It affects your AC (+4).
   rCorr:     It protects you from acid and corrosion.
 Y - the ring of Jofen (right fist) {rF+ Will+ Slay+3 SInv, =R}
   (You acquired it on level 13 of the Dungeon)

   [ring of willpower]

   Slay+3:    It affects your accuracy & damage with ranged weapons and melee
   (+3).
   rF+:       It protects you from fire.
   Will+:     It increases your willpower.
   SInv:      It lets you see invisible.
Talismans
 i - a granite talisman (active)
Wands
 d - a wand of digging (3)
 e - a wand of charming (47)
 j - a wand of light (23)
 s - a wand of mindburst (37)
 w - a wand of warping (22)
Scrolls
 y - 5 scrolls of immolation
 B - 10 scrolls of blinking
 C - 3 scrolls of poison
 E - 11 scrolls of fear
 F - 7 scrolls of fog
 J - a scroll of silence {!r}
 S - 9 scrolls of summoning
 T - 20 scrolls of teleportation
 V - 10 scrolls of vulnerability
Potions
 o - 7 potions of ambrosia
 q - 22 potions of curing
 u - 8 potions of mutation {!q}
 z - 13 potions of brilliance
 H - 4 potions of haste {!q}
 I - 2 potions of invisibility
 K - 4 potions of magic {!q}
 M - 8 potions of might
 N - 4 potions of cancellation {!q}
 R - 4 potions of resistance {5 for trove}
 W - 11 potions of heal wounds {!q}
 X - 10 potions of enlightenment
 Z - 6 potions of berserk rage {!q}
Miscellaneous
 c - a condenser vane
 l - a lightning rod (4/4)
 n - a phial of floods
 U - a phantom mirror


   Skills:
 - Level 20.0 Fighting
 - Level 14.0 Maces & Flails
 - Level 7.7 Throwing
 - Level 7.0 Armour
 + Level 11.9 Dodging
 + Level 2.4 Stealth
 - Level 10.0 Shields
 - Level 3.5 Unarmed Combat
 - Level 10.0 Spellcasting
 - Level 12.0 Conjurations
 - Level 7.0 Hexes
 - Level 7.0 Translocations
 - Level 5.0 Earth Magic
 - Level 15.0 Alchemy
 + Level 16.5 Invocations
 + Level 7.1 Evocations
 O Level 27 Shapeshifting


You had 24 spell levels left.
You knew the following spells:

 Your Spells              Type           Power      Damage    Failure   Level
d - Iskenderun's Mystic   Conj/Tloc      25%        2d7       1%          4
g - Apportation           Tloc           40%        N/A       1%          1
w - Passwall              Erth           16%        N/A       3%          3
y - Yara's Violent Unrav  Hex/Alch       14%        3d7       2%          5
B - Blink                 Tloc           40%        N/A       1%          2
C - Lesser Beckoning      Tloc           40%        N/A       1%          2
E - Irradiate             Conj/Alch      17%        3d17      1%          5

Your spell library contained the following spells:

 Spells                   Type           Power      Damage    Failure   Level
 Foxfire                  Conj/Fire      72%        2x1d7     1%          1
 Kiss of Death            Conj/Necr      72%        2d10      1%          1
 Magic Dart               Conj           100%       1d8       1%          1
 Sandblast                Erth           32%        2d9       1%          1
 Shock                    Conj/Air       72%        1d7       1%          1
 Sting                    Conj/Alch      100%       1d9       1%          1
 Cigotuvi's Dreadful Rot  Necr/Alch/Air  32%        N/A       1%          2
 Jinxbite                 Hex            40%        N/A       1%          2
 Mercury Vapours          Alch/Air       42%        N/A       1%          2
 Momentum Strike          Conj/Tloc      50%        3d9       1%          2
 Searing Ray              Conj           62%        2d6       1%          2
 Static Discharge         Conj/Air       36%        3-5/arc   1%          2
 Confusing Touch          Hex            20%        N/A       1%          3
 Dazzling Flash           Conj/Hex       50%        N/A       1%          3
 Gell's Gravitas          Tloc           20%        N/A       1%          3
 Mephitic Cloud           Conj/Alch/Air  24%        N/A       1%          3
 Sigil of Binding         Hex            20%        N/A       1%          3
 Teleport Other           Tloc           20%        N/A       1%          3
 Tukima's Dance           Hex            20%        N/A       1%          3
 Fulminant Prism          Conj/Alch      17%        3d10      1%          4
 Leda's Liquefaction      Alch/Erth      13%        N/A       1%          4
 Petrify                  Alch/Erth      26%        N/A       1%          4
 Iskenderun's Battlesphe  Conj           31%        2d8       1%          5
 Hailstorm                Conj/Ice       18%        3d7       2%          3
 Brom's Barrelling Bould  Conj/Erth      23%        2d4       2%          4
 Eringya's Noxious Bog    Alch           18%        4d6       2%          6
 Ensorcelled Hibernation  Hex/Ice        24%        N/A       3%          2
 Cause Fear               Hex            10%        N/A       4%          4
 Dimensional Bullseye     Hex/Tloc       10%        N/A       4%          4
 Manifold Assault         Tloc           20%        N/A       4%          4
 Sticky Flame             Fire/Alch      21%        2d6       4%          4
 Inner Flame              Hex/Fire       12%        N/A       7%          3
 Volatile Blastmotes      Fire/Tloc      24%        2d12      7%          3
 Flame Wave               Conj/Fire      18%        2d7       8%          4
 Necrotise                Necr           20%        1d5       10%         1
 Summon Small Mammal      Summ           20%        N/A       10%         1
 Scorch                   Fire           10%        2d5       14%         2
 Anguish                  Hex/Necr       6%         N/A       22%         4
 Vhi's Electric Charge    Tloc/Air       24%        N/A       22%         4
 Arcjolt                  Conj/Air       9%         1d19      22%         5
 Fireball                 Conj/Fire      9%         3d6       22%         5
 Call Canine Familiar     Summ           5%         N/A       30%         3
 Frozen Ramparts          Ice            10%        1d2       30%         3
 Fugue of the Fallen      Necr           5%         N/A       30%         3
 Ozocubu's Armour         Ice            5%         N/A       30%         3
 Summon Ice Beast         Ice/Summ       5%         N/A       30%         3
 Swiftness                Air            5%         N/A       30%         3
 Vampiric Draining        Necr           5%         2d6       30%         3
 Animate Armour           Summ/Erth      20%        N/A       34%         4
 Lee's Rapid Deconstruct  Erth           8%         3d7*      34%         5
 Bombard                  Conj/Erth      11%        9d3       43%         6
 Orb of Destruction       Conj           15%        9d7       52%         7
 Metabolic Englaciation   Hex/Ice        6%         N/A       54%         5
 Silence                  Hex/Air        6%         N/A       54%         5
 Summon Forest            Summ/Tloc      6%         N/A       54%         5
 Summon Mana Viper        Hex/Summ       12%        N/A       54%         5
 Sculpt Simulacrum        Ice/Alch       10%        N/A       58%         6
 Dispersal                Tloc           10%        N/A       65%         6
 Airstrike                Air            2%         2d(1-17)  71%         4
 Animate Dead             Necr           5%         N/A       71%         4
 Dispel Undead            Necr           5%         3d7       71%         4
 Martyr's Knell           Necr/Summ      5%         N/A       71%         4
 Summon Lightning Spire   Summ/Air       5%         N/A       71%         4
 Borgnjor's Vile Clutch   Necr/Erth      5%         N/A       71%         5
 Conjure Ball Lightning   Conj/Air       9%         3x3d6     80%         6
 Starburst                Conj/Fire      9%         6d5       80%         6
 Curse of Agony           Necr           5%         N/A       96%         5
 Permafrost Eruption      Ice/Erth       5%         2x4d3     99%         6
 Enfeeble                 Hex            10%        N/A       99%         7
 Death Channel            Necr           2%         N/A       100%        6
 Plasma Beam              Fire/Air       2%         2x1d12    100%        6
 Summon Cactus Giant      Summ           2%         N/A       100%        6
 Malign Gateway           Summ/Tloc      6%         N/A       100%        7
 Monstrous Menagerie      Summ           2%         N/A       100%        7
 Ozocubu's Refrigeration  Ice            2%         4d8       100%        7
 Spellforged Servitor     Conj/Summ      9%         N/A       100%        7
 Summon Hydra             Summ           2%         N/A       100%        7
 Borgnjor's Revivificati  Necr           2%         N/A       100%        8
 Discord                  Hex            10%        N/A       100%        8
 Disjunction              Tloc           10%        N/A       100%        8
 Ignition                 Fire           2%         3d3       100%        8
 Infestation              Necr           2%         N/A       100%        8
 Maxwell's Capacitive Co  Air            2%         ∞         100%        8
 Summon Horrible Things   Summ           2%         N/A       100%        8
 Death's Door             Necr           2%         N/A       100%        9


Dungeon Overview and Level Annotations

Branches:
Dungeon (15/15)            Temple (1/1) D:6            Lair (5/5) D:8
  Swamp (4/4) Lair:3        Snake (4/4) Lair:2        Slime (0/5) Lair:4
    Orc (2/2) D:9             Elf (3/3) Orc:2        Vaults (5/5) D:14
  Crypt (3/3) Vaults:2       Tomb (0/3) Crypt:3      Depths (4/4) D:15
    Zot (5/5) Depths:4    Volcano (visited)          WizLab (visited)
Gauntlet (visited)

Altars:
Ashenzari
Cheibriados
Dithmenos
Elyvilon
Fedhas
Gozag
Hepliaklqana
Kikubaaqudgha
Makhleb
Nemelex Xobeh
Okawaru
Qazlal
Ru
Sif Muna
Trog
Uskayaw
Vehumet
Wu Jian
Xom
Yredelemnul
Zin
The Shining One
Beogh
Jiyva

Shops:
D:6 :(=*   D:7 ?   Orc:2 *:?(   Snake:1 ::=   Vaults:1 :   Vaults:5 (

Portals:
Hell: Depths:1 Depths:2 Depths:3 Depths:4
Abyss: Depths:3
Pandemonium: Depths:2
Ziggurat: Depths:3
Trove: D:11 (give 5 potions of resistance)

Annotations:
Abyss:1 Yzeiphu's ghost, adept OpEE


Innate Abilities, Weirdness & Mutations

You are a living statue of rough stone.
Your actions are slow, but your melee attacks are powerful.
You are resistant to unholy torment.
Your maximum health is greatly increased.
Your equipment is partially melded.
You are immune to poison.
Your spellcasting is much less encumbered by armour.
You can use scrolls of enchantment on lesser artefacts.
Your mind is acute. (Int +4, Str/Dex -1)
You passively map a small area around you.
Your spells are a little easier to cast, but a little less powerful.


Message History

You kill the Brimstone Fiend!
Things that are here:
a +0 robe; a +3 great sword
There is a stone staircase leading up here.
You climb upwards.
There is a stone staircase leading down here.
Your magical contamination has completely faded away.
Magic restored.
There is a stone staircase leading up here.
You climb upwards.
There is a stone staircase leading down here.
A Pytyekug and a tentacled monstrosity come into view.
Pytyekug squeaks, "Run away, thou unctious thigh-biting scut!"
A chaos spawn comes into view.
Blink to where?
Press: ? - help, Dir - move target
As you read the scroll of blinking, it crumbles to dust.
You block the chaos spawn's attack.
There is a stone staircase leading up here.
The chaos spawn closely misses you. Pytyekug barely misses you.
You climb upwards.
There is a stone staircase leading down here.
Casting: Irradiate (mildly dangerous; 1% risk of failure)
Confirm with . or Enter, or press ? or * to list all spells.
You erupt in a fountain of uncontrolled magic!
The chaos spawn is blasted with magical radiation!!
The chaos spawn is almost dead.
You are very lightly contaminated with residual magic.
You block the chaos spawn's attack. The chaos spawn completely misses you.
You thrash the chaos spawn!!
You kill the chaos spawn!
The chaos spawn degenerates into a cloud of primal chaos!
Magic restored.
Your magical contamination has completely faded away.
There is a stone staircase leading down here.
There is a stone staircase leading up here.
Warning, next level annotated: hammer near exit!
You climb upwards.
There is a stone staircase leading down here.
There is a staircase leading out of the dungeon here.
You see here the +6 hammer of the Fool {heavy, rN++ MP+9}.
m - the +6 hammer of the Fool {heavy, rN++ MP+9} Annotate which branch? (. - D:1, ? - help, ! - show branch list) Current level annotation: hammer near exit!
New annotation for D:1 (include '!' for warning): Cleared annotation.
There is a staircase leading out of the dungeon here.
The +10 demon whip of the Three Continents {elec, Will+ Int+3 Dex+3} stops crackling.
m - the +6 hammer of the Fool (weapon)
{heavy, rN++ MP+9} You have escaped!

..........##########.#########...
......#....................#.....
................##.........#.....
....##..........##.....)...#.....
.........##............##.....###
.........##............##.....#
..............................#
..............................#
##.#..##........I.........##..#
#....##.........>........##..#
##...........................#
#...........................# #
#......##............##.....###
#......##............##.....##.
#...#.........##...............
###...........##..........#####
#......................##


There were no monsters in sight!

Vanquished Creatures
  5 dread liches
  9 orbs of fire (Zot:5)
  4 ancient liches
  Mennas (Depths:4)
  A juggernaut (Depths:4)
  4 Killer Klowns
  Sojobo (Crypt:1)
  Boris (Depths:4)
  A pandemonium lord (D:8)
  Vashnia (Snake:2)
  11 golden dragons
  Jory (Crypt:3)
  A shard shrike zombie (Crypt:1)
  4 electric golems
  2 Brimstone Fiends
  6 liches
  18 tentacled monstrosities
  The ghost of Dassydak the Tortoise, an adept GrFi of Makhleb (Crypt:1)
  2 deep elf master archers (Elf:3)
  A deep elf blademaster (Elf:3)
  3 titans
  8 quicksilver dragons
  26 Orb Guardians
  13 sphinxes
  5 death cobs
  10 shadow dragons
  An Executioner (Zot:1)
  Kirke (Lair:4)
  3 ancient champions
  Gastronok (D:10)
  The ghost of Ge0ff the Warrior, an adept MDSh of Beogh (D:13)
  2 nagarajas (Snake:4)
  A daeva (Zot:1)
  A fenstrider witch (Vaults:5)
  2 draconian monks (Zot:5)
  5 revenants
  9 tengu reavers
  Donald (Snake:1)
  A demonspawn warmonger (Depths:1)
  Aizul (Snake:3)
  4 draconian scorchers
  12 storm dragons
  7 draconian knights
  5 frost giants
  8 fire giants
  2 protean progenitors (Zot:1)
  5 draconian stormcallers
  4 iron dragons
  2 caustic shrike zombies
  5 deep elf elementalists (Elf:3)
  11 vault wardens
  6 deep elf sorcerers
  Louise (Snake:3)
  14 ironbound preservers
  3 reapers
  A curse skull (Crypt:2)
  5 ghouls
  A cacodemon (Depths:1)
  A spriggan defender (Depths:2)
  2 formless jellyfish
  5 draconian annihilators
  12 very ugly things
  14 stone giants
  10 vampire knights
  10 green draconians
  A caustic shrike skeleton (Depths:3)
  6 ironbound thunderhulks
  A quicksilver ooze (Vaults:5)
  6 dire elephants
  7 deep elf annihilators
  8 eleionomae
  6 deep elf demonologists
  7 purple draconians
  3 yellow draconians
  9 white draconians
  15 deep elf death magi
  6 war gargoyles
  2 lorocyprocas
  4 black draconians
  4 red draconians
  5 bunyips
  5 spark wasps (Depths:1)
  8 eidola
  Snorg (Orc:2)
  2 merfolk javelineers
  A green death (Depths:2)
  A crystal guardian (Vaults:1)
  3 blizzard demons
  10 ettins
  5 merfolk impalers
  20 jiangshi
  An entropy weaver (shapeshifter) (Elf:2)
  A shambling mangrove (Swamp:3)
  Fannar (Lair:2)
  9 fire dragons
  Josephine (D:10)
  5 entropy weavers
  5 deep elf high priests
  12 yaktaur captains
  A hell beast (Zot:1)
  A peacekeeper (Vaults:1)
  8 rakshasas
  6 great orbs of eyes
  6 spriggan zombies
  4 spriggan air magi
  8 ice dragons
  24 hydras
  A salamander tyrant (Snake:4)
  4 jorogumos
  9 alligators
  13 vault guards
  3 boulder beetles
  A caustic shrike simulacrum (Crypt:3)
  A sphinx zombie (Crypt:3)
  6 two-headed ogres
  3 catoblepae (Lair:5)
  A radroach (Zot:1)
  10 ghost crabs
  4 ogre magi
  11 centaur warriors
  A satyr (Lair:2)
  33 dancing weapons
  22 anacondas
  6 ironbound frosthearts
  10 death yaks
  3 orc high priests (Orc:2)
  10 deep troll earth magi
  A bennu skeleton (Crypt:1)
  3 hell hogs (D:8)
  A sphinx skeleton (Crypt:1)
  13 tengu warriors
  10 deep troll shamans
  5 spriggan berserkers
  18 naga warriors
  17 vampire magi
  6 shock serpents
  20 naga sharpshooters
  5 storm dragon zombies
  An occultist (D:15)
  24 deep elf knights
  A titan skeleton (Vaults:3)
  7 iron trolls
  2 soul eaters (Crypt:2)
  2 fire crabs
  A sun demon (Volcano)
  8 hell knights
  A golden dragon zombie (Crypt:3)
  3 sixfirhies
  An anaconda zombie (Crypt:3)
  A bunyip zombie (Crypt:3)
  A spark wasp zombie (Depths:3)
  4 salamander mystics
  6 sea snakes
  20 skeletal warriors
  4 skysharks
  A death drake (shapeshifter) (Elf:1)
  50 deep trolls
  Lodul (D:13)
  3 goliath frogs
  2 death drakes
  2 spriggan druids (Swamp:3)
  7 glowing orange brains
  An orb spider (Zot:5)
  27 mana vipers
  3 flayed ghosts
  15 harpies
  15 naga ritualists
  8 swamp dragons
  An obsidian statue (Snake:4)
  14 deep elf archers
  10 bog bodies
  27 ironbound convokers
  24 deep elf zephyrmancers
  2 golden dragon skeletons (Depths:1)
  4 orc knights (Orc:2)
  8 arcanists
  15 phantasmal warriors
  4 thermic dynamos
  An orange crystal statue (Gauntlet)
  11 lindwurms
  4 steelbarb worms
  20 deep elf pyromancers
  16 salamanders
  2 glowing shapeshifters
  12 necromancers
  2 fire giant zombies
  4 manticores
  4 orc sorcerers
  A stone giant zombie (Depths:1)
  An eleionoma zombie (Crypt:3)
  3 fauns
  30 ugly things
  2 shining eyes
  3 cyclopes (D:14)
  9 will-o-the-wisps
  A moth of wrath (shapeshifter) (Vaults:1)
  3 meliai
  8 elephants (Lair:4)
  20 moths of wrath
  6 kobold blastminers
  An elephant (shapeshifter) (Vaults:4)
  2 rust devils (D:15)
  3 molten gargoyles
  3 guardian serpents
  43 black mambas
  2 stone giant skeletons
  2 eyes of devastation (Vaults:5)
  5 gargoyles
  7 torpor snails
  An orange demon (Depths:1)
  2 hellions
  23 naga magi
  2 unseen horrors
  6 rime drakes
  A smoke demon (D:9)
  14 vault sentinels
  A titan simulacrum (Depths:1)
  A centaur skeleton (Crypt:1)
  8 cane toads
  An unseen horror (shapeshifter) (D:15)
  26 yaktaurs
  2 minotaur zombies (Gauntlet)
  4 tengu conjurers
  A catoblepas zombie (Crypt:3)
  A spark wasp simulacrum (Depths:3)
  6 freezing wraiths
  2 ice devils
  A yellow draconian skeleton (Crypt:2)
  7 trolls
  A hydra zombie (Crypt:3)
  3 red devils
  14 komodo dragons
  A spriggan skeleton (Depths:1)
  4 polar bears
  2 trolls (shapeshifter)
  3 bloated husks
  2 queen bees (Vaults:5)
  4 merfolk
  25 hornets
  A harpy skeleton (Crypt:1)
  2 wolf spider simulacra (D:15)
  2 hellwings
  4 tarantellas
  7 tyrant leeches
  An ettin zombie (Vaults:5)
  A jumping spider zombie (Crypt:3)
  A raiju (Swamp:1)
  5 dream sheep
  3 snapping turtles
  A glass eye (Depths:3)
  22 blink frogs
  A centaur simulacrum (D:14)
  A satyr zombie (Crypt:2)
  A black mamba zombie (Crypt:3)
  9 wraiths
  18 slime creatures
  5 air elementals
  3 culicivoras
  A shapeshifter (Vaults:3)
  21 spriggans
  16 water elementals
  65 yaks
  A yak (shapeshifter) (Elf:1)
  24 vampires
  A spriggan (shapeshifter) (Elf:2)
  5 wyverns
  4 basilisks
  7 fire bats
  4 hogs
  10 fire elementals
  A human (Vaults:3)
  A chaos spawn (D:2)
  A steam dragon (Depths:4)
  2 golden eyes
  An elf zombie (Vaults:3)
  3 redbacks
  4 wargs
  15 vampire mosquitoes
  17 swamp worms
  A glowing shapeshifter zombie (Depths:1)
  A faun zombie (Crypt:1)
  49 nagas
  2 ogre zombies
  2 acid dragons
  11 water moccasins
  5 hell hounds
  A meliai simulacrum (D:15)
  5 swamp drakes
  12 orc warriors
  A water nymph skeleton (Crypt:1)
  2 sky beasts
  30 laughing skulls
  5 black bears
  12 ogres
  A tengu (shapeshifter) (D:15)
  An ogre (shapeshifter) (D:14)
  13 boggarts
  A rime drake zombie (Crypt:3)
  22 wolves
  2 human skeletons
  A torpor snail zombie (Crypt:2)
  7 centaurs
  A phantom (D:5)
  3 kobold brigands
  A draconian zombie (Crypt:3)
  A human zombie (Vaults:2)
  11 bullfrogs
  3 earth elementals
  A human simulacrum (Vaults:3)
  A brain worm (Depths:1)
  4 wights
  A scorpion (D:6)
  11 killer bees
  A swamp dragon simulacrum (Crypt:1)
  7 howler monkeys
  7 electric eels
  7 lava snakes (Volcano)
  A bombardier beetle (Snake:4)
  2 centaur zombies
  7 hounds
  A gnoll bouda (D:5)
  5 jellies
  12 orc priests
  Crazy Yiuf (D:5)
  Jessica (D:3)
  2 iguanas
  20 orc wizards
  2 hell rats
  A crocodile zombie (Crypt:2)
  A deep dwarf skeleton (Crypt:2)
  A howler monkey zombie (Crypt:2)
  30 gnolls
  10 adders
  A shadow imp (D:6)
  6 white imps
  2 ufetubi (D:7)
  An adder skeleton (Crypt:3)
  A dart slug (D:4)
  66 orcs
  6 ball pythons
  6 bats
  10 endoplasms
  3 giant cockroaches
  8 goblins
  6 hobgoblins
  9 jackals
  7 quokkas
  A frilled lizard (D:3)
  A goblin zombie (Crypt:1)
  23 kobolds
  5 rats
  A river rat skeleton (Crypt:2)
  An aspiring flesh (Zot:1)
  A spectral weapon (Zot:3)
2342 creatures vanquished.

Vanquished Creatures (collateral kills)
  An orb of fire (Zot:4)
  A Head Instructor (WizLab)
  3 Killer Klowns (Zot:4)
  A curse toe (Zot:4)
  Norris (Vaults:4)
  A tentacled monstrosity (Zot:1)
  An Orb Guardian (Zot:5)
  A deep elf blademaster (Elf:3)
  A quicksilver dragon (Vaults:5)
  A storm dragon (Vaults:5)
  2 shadow dragons (Zot:4)
  A revenant (Vaults:4)
  2 frost giants
  2 ghouls (Swamp:3)
  An ironbound preserver (Vaults:4)
  An ironbound thunderhulk (Vaults:4)
  A caustic shrike skeleton (Depths:3)
  A black draconian (Zot:4)
  A purple draconian (Zot:3)
  A deep elf death mage (Elf:3)
  2 white draconians
  A minotaur (Gauntlet)
  A dire elephant (Swamp:1)
  An eidolon (Vaults:4)
  A red draconian (Zot:5)
  An ettin (Depths:2)
  A yaktaur captain (Vaults:4)
  A crystal guardian (Vaults:4)
  A shambling mangrove (Swamp:3)
  2 hydras
  A deep elf high priest (Elf:3)
  A peacekeeper (Vaults:4)
  A ghost crab (Swamp:4)
  An anaconda (Snake:1)
  2 death yaks (Lair:4)
  A deep troll earth mage (Depths:3)
  3 naga warriors
  2 shock serpents
  The ghost of Konar the Skirmisher, a novice CoHu of Okawaru (D:9)
  2 deep elf knights (Elf:1)
  An iron troll (Depths:3)
  3 sixfirhies (Gauntlet)
  A deep troll (Depths:3)
  A naga ritualist (Snake:3)
  A bog body (Lair:3)
  2 swamp dragons
  A mana viper (WizLab)
  A deep elf archer (Elf:1)
  An arcanist (D:15)
  3 lindwurms (Swamp:4)
  A deep elf zephyrmancer (Elf:1)
  4 ironbound convokers
  An ugly thing (D:15)
  A will-o-the-wisp (Swamp:4)
  A moth of wrath (Zot:3)
  A shining eye (Gauntlet)
  A manticore (Lair:5)
  3 black mambas (Snake:1)
  A guardian serpent (Snake:4)
  A naga mage (Snake:4)
  2 yaktaurs
  3 komodo dragons (Lair:5)
  A troll (D:8)
  2 hornets
  4 blink frogs
  A dream sheep (Lair:5)
  2 glass eyes (Gauntlet)
  A slime creature (Vaults:4)
  A wraith (D:10)
  9 yaks
  A spriggan (Swamp:2)
  A basilisk (D:15)
  A fire elemental (D:15)
  A redback (Vaults:5)
  A naga (Snake:4)
  A hell hound (D:15)
  A swamp drake (Swamp:4)
  A wolf (Lair:5)
  An earth elemental (Elf:1)
  An orc priest (Orc:2)
  An orc wizard (Orc:2)
  A hell rat (D:15)
  2 gnolls (D:9)
  2 orcs (Orc:2)
124 creatures vanquished.

Vanquished Creatures (others)
  The ghost of Hociexiyce the Spry, a veteran DjFE of Makhleb (Vaults:4)
  A tentacled monstrosity (Depths:2)
  A death cob (Zot:5)
  A tengu reaver (Depths:4)
  A draconian knight (Zot:5)
  A deep elf elementalist (Elf:3)
  A draconian shifter (Zot:1)
  An eleionoma (Swamp:2)
  A deep elf annihilator (Elf:3)
  A hydra (Swamp:4)
  A tengu warrior (Depths:2)
  A deep elf knight (Elf:2)
  An arcanist (Vaults:3)
  A sun moth (Vaults:5)
  A deep elf pyromancer (Elf:1)
  A will-o-the-wisp (Swamp:3)
  A gargoyle (D:9)
  2 freezing wraiths (Vaults:4)
  4 bloated husks
  An air elemental (Elf:1)
  3 humans (Lair:4)
  2 swamp drakes (Swamp:4)
  A wolf (Lair:4)
  A gnoll sergeant (D:9)
  6 ball lightnings (Vaults:4)
  56 foxfires
93 creatures vanquished.

Grand Total: 2559 creatures vanquished

Notes
Turn   | Place    | Note
-------+----------+-------------------------------------------
     0 | D:1      | Ge0ff the Mountain Dwarf Shapeshifter began the quest for
                  | the Orb.
     0 | D:1      | Reached XP level 1. HP: 16/16 MP: 1/1
   173 | D:1      | Reached XP level 2. HP: 21/23 MP: 2/2
   386 | D:1      | Reached XP level 3. HP: 29/29 MP: 3/3
   514 | D:1      | Reached skill level 3 in Shapeshifting
   987 | D:2      | Reached skill level 1 in Maces & Flails
  1037 | D:2      | Reached XP level 4. HP: 32/37 MP: 4/4
  1898 | D:3      | Reached XP level 5. HP: 40/45 MP: 5/5
  1938 | D:3      | Found a sparkling altar of Nemelex Xobeh.
  1944 | D:3      | Became a worshipper of Nemelex Xobeh the Trickster
  2204 | D:3      | You fall into a shaft and drop 3 floors!
  2207 | D:6      | Found a staircase to the Ecumenical Temple.
  2220 | Temple   | Entered the Ecumenical Temple
  2245 | D:6      | Reached * piety under Nemelex Xobeh
  2256 | D:6      | Received a gift from Nemelex Xobeh
  2270 | D:6      | Found Leasmyl's Assorted Antiques.
  2275 | D:6      | Bought a scroll labelled POALUO TASSIPNU for 27 gold pieces
  2275 | D:6      | Bought a scroll of identify for 54 gold pieces
  2597 | D:6      | Found Ypoenunt's Book Emporium.
  2620 | D:6      | Found Leyraid's Jewellery Shoppe.
  2643 | D:6      | Reached skill level 4 in Shapeshifting
  2643 | D:6      | Reached XP level 6. HP: 51/51 MP: 6/8
  2747 | D:6      | Found Oshrosaen's Antique Weapon Shoppe.
  2868 | D:5      | Entered Level 5 of the Dungeon
  3282 | D:5      | Reached ** piety under Nemelex Xobeh
  3292 | D:5      | Found a runed translucent door.
  3293 | D:5      | Noticed Crazy Yiuf
  3298 | D:5      | Killed Crazy Yiuf
  3299 | D:5      | Reached skill level 1 in Armour
  3299 | D:5      | Reached skill level 5 in Shapeshifting
  3322 | D:5      | Identified the +6 hammer of the Fool {heavy, rN++ MP+9}
  3425 | D:5      | Reached XP level 7. HP: 54/57 MP: 9/9
  3673 | D:3      | Noticed Jessica
  3682 | D:3      | Killed Jessica
  3776 | D:4      | Received a gift from Nemelex Xobeh
  4467 | D:5      | Reached skill level 1 in Evocations
  4615 | D:5      | Reached skill level 1 in Throwing
  5355 | D:6      | Reached skill level 5 in Fighting
  5355 | D:6      | Reached XP level 8. HP: 35/65 MP: 11/11
  5887 | D:7      | Reached skill level 6 in Shapeshifting
  6039 | D:7      | Found Xocuh's Magic Scroll Boutique.
  6048 | D:7      | Bought a scroll of teleportation for 39 gold pieces
  6048 | D:7      | Bought a scroll of enchant weapon for 97 gold pieces
  6048 | D:7      | Bought a scroll of identify for 26 gold pieces
  6048 | D:7      | Bought a scroll of identify for 26 gold pieces
  6048 | D:7      | Bought a scroll of identify for 26 gold pieces
  6127 | D:7      | Reached skill level 5 in Maces & Flails
  6267 | D:7      | Reached *** piety under Nemelex Xobeh
  6628 | D:7      | Found a burning altar of Makhleb.
  6853 | D:7      | Noticed Maurice
  6855 | D:7      | Noticed Maurice
  6860 | D:7      | Killed Maurice the fire bat
  6861 | D:7      | Reached skill level 7 in Shapeshifting
  6861 | D:7      | Reached XP level 9. HP: 79/79 MP: 12/12
  7102 | D:8      | Noticed a troll
  7110 | D:8      | Killed a troll
  7122 | D:8      | Reached skill level 5 in Invocations
  7475 | D:8      | Found a broken altar of Ashenzari.
  8459 | D:8      | Found a staircase to the Lair.
  9053 | D:9      | Reached XP level 10. HP: 91/91 MP: 15/15
  9277 | D:9      | Noticed a gargoyle
  9430 | D:9      | Found a staircase to the Orcish Mines.
  9473 | D:9      | Reached skill level 10 in Fighting
  9574 | D:9      | Received a gift from Nemelex Xobeh
  9652 | D:9      | Noticed a two-headed ogre
  9656 | D:9      | Killed a two-headed ogre
  9711 | D:9      | Reached **** piety under Nemelex Xobeh
 10047 | D:9      | Found a runed translucent door.
 10047 | D:9      | Found a shimmering altar of Xom.
 10047 | D:9      | Noticed Konar's ghost (novice CoHu)
 10047 | D:9      | Noticed a +1 morningstar of chaos
 10194 | D:10     | Entered Level 10 of the Dungeon
 10198 | D:10     | Noticed Gastronok
 10209 | D:10     | Killed Gastronok
 10210 | D:10     | Reached skill level 5 in Evocations
 10307 | D:10     | Received a gift from Nemelex Xobeh
 11401 | D:10     | Noticed Josephine
 11404 | D:10     | Killed Josephine
 11405 | D:10     | Reached XP level 11. HP: 104/104 MP: 17/17
 11507 | D:10     | Received a gift from Nemelex Xobeh
 12776 | D:9      | Killed a +1 morningstar of chaos
 12798 | D:9      | Killed Konar's ghost
 12799 | D:9      | Reached skill level 10 in Invocations
 12836 | D:9      | Identified the +5 demon whip "Kanour" {pain, rC- Will-
                  | Str+2 Dex+9}
 12937 | D:11     | Found a gate leading to a gauntlet.
 12954 | D:11     | Found a portal to a secret trove of treasure.
 12967 | D:11     | Found a flickering gateway to a bazaar.
 12972 | Bazaar   | Entered a bazaar
 12972 | Bazaar   | Found Poma's Assorted Antiques.
 12972 | Bazaar   | Found Pommil's Magic Scroll Emporium.
 12973 | Bazaar   | Found Suruf's Antique Armour Shoppe.
 12973 | Bazaar   | Found Jarant's Weapon Emporium.
 13011 | Bazaar   | Bought a pair of masterwork gloves for 313 gold pieces
 13011 | Bazaar   | Identified the +1 pair of gloves of Sunlight {Dex+3 Slay+3}
                  | (You bought it in a shop in a bazaar)
 13035 | Bazaar   | Bought a white potion for 18 gold pieces
 13035 | Bazaar   | Bought a potion of curing for 63 gold pieces
 13035 | Bazaar   | Bought 2 bubbling red potions for 37 gold pieces
 13035 | Bazaar   | Bought a scroll of identify for 42 gold pieces
 13050 | Bazaar   | Bought a scroll of identify for 14 gold pieces
 13050 | Bazaar   | Bought a scroll of identify for 14 gold pieces
 13050 | Bazaar   | Bought a scroll of teleportation for 21 gold pieces
 13078 | D:11     | Received a gift from Nemelex Xobeh
 13081 | Gauntlet | Entered a Gauntlet
 13081 | Gauntlet | Found a transporter.
 13083 | Gauntlet | Noticed a fire crab
 13088 | Gauntlet | Found a runed translucent gate.
 13090 | Gauntlet | Found a transporter.
 13091 | Gauntlet | Found a runed translucent gate.
 13092 | Gauntlet | Found a runed translucent gate.
 13093 | Gauntlet | Found a transporter.
 13094 | Gauntlet | Found a transporter.
 13102 | Gauntlet | Found a transporter.
 13105 | Gauntlet | Found a transporter.
 13106 | Gauntlet | Found a transporter.
 13114 | Gauntlet | Noticed a shining eye
 13115 | Gauntlet | Found a transporter.
 13118 | Gauntlet | Found a transporter.
 13119 | Gauntlet | Found a transporter.
 13122 | Gauntlet | Noticed a sixfirhy
 13124 | Gauntlet | Noticed a sixfirhy
 13127 | Gauntlet | Found a transporter.
 13127 | Gauntlet | Noticed a sixfirhy
 13127 | Gauntlet | Noticed a sixfirhy
 13130 | Gauntlet | Found a transporter.
 13131 | Gauntlet | Found a transporter.
 13140 | Gauntlet | Found a transporter.
 13140 | Gauntlet | Noticed an orange crystal statue
 13247 | Gauntlet | Killed a fire crab
 13253 | Gauntlet | Identified the +4 chain mail "Xinlytuf" {rElec}
 13465 | Gauntlet | Killed a shining eye
 13489 | Gauntlet | Killed a sixfirhy
 13491 | Gauntlet | Killed a sixfirhy
 13498 | Gauntlet | Killed a sixfirhy
 13505 | Gauntlet | Killed a sixfirhy
 13506 | Gauntlet | Reached skill level 10 in Maces & Flails
 13655 | Gauntlet | Killed an orange crystal statue
 13657 | Gauntlet | Identified the ring of Ribunt {rF- rC+ Will+ Str+3 Int+3
                  | Slay+2}
 13670 | Gauntlet | Noticed a minotaur
 13675 | Gauntlet | Identified the -1 long sword of Income {spect, rPois rF-
                  | Int+7 Stlth-}
 13679 | Gauntlet | Killed a minotaur
 13680 | Gauntlet | Reached XP level 12. HP: 77/113 MP: 19/19
 14151 | D:11     | Reached ***** piety under Nemelex Xobeh
 14201 | D:11     | Noticed a boulder beetle
 14219 | D:11     | Killed a boulder beetle
 14419 | D:11     | Noticed a two-headed ogre
 14427 | D:11     | Killed a two-headed ogre
 14500 | D:11     | Reached skill level 1 in Shields
 14837 | D:11     | Learned a level 5 spell: Irradiate
 14839 | D:11     | Learned a level 1 spell: Apportation
 14950 | Lair:1   | Entered Level 1 of the Lair of Beasts
 14950 | Lair:1   | Received a gift from Nemelex Xobeh
 15129 | Lair:1   | Reached skill level 1 in Spellcasting
 15129 | Lair:1   | Reached skill level 1 in Conjurations
 15129 | Lair:1   | Reached skill level 1 in Alchemy
 15583 | Lair:1   | Received a gift from Nemelex Xobeh
 15984 | Lair:2   | Noticed a death yak
 15984 | Lair:2   | Noticed a death yak
 15984 | Lair:2   | Noticed a death yak
 15984 | Lair:2   | Noticed a death yak
 15984 | Lair:2   | Noticed a death yak
 15988 | Lair:2   | a death yak changed into a deep troll
 15988 | Lair:2   | a death yak changed into a swamp dragon
 15988 | Lair:2   | a death yak changed into an anaconda
 15988 | Lair:2   | Noticed an anaconda
 15988 | Lair:2   | a death yak changed into a swamp worm
 15991 | Lair:2   | an anaconda changed into a satyr
 15991 | Lair:2   | Noticed a satyr
 15992 | Lair:2   | Killed a satyr
 15993 | Lair:2   | Killed a death yak
 15998 | Lair:2   | HP: 4/113 [poisoned by a swamp dragon (poison gas)]
 16006 | Lair:2   | Reached XP level 13. HP: 19/119 MP: 20/20
 16461 | Lair:2   | Identified the +5 chain mail of Mutualism {Dex+2 Slay+3}
 16470 | Lair:2   | Noticed Fannar
 16481 | Lair:2   | Killed Fannar
 16932 | Lair:2   | Found a staircase to the Snake Pit.
 17474 | Lair:3   | Received a gift from Nemelex Xobeh
 17962 | Lair:3   | Found a staircase to the Swamp.
 18244 | Lair:3   | Noticed Nessos
 18247 | Lair:3   | Nessos changed into Nessos the harpy
 18247 | Lair:3   | Noticed Nessos
 18250 | Lair:3   | Killed Nessos the harpy
 18251 | Lair:3   | Reached skill level 5 in Conjurations
 18494 | Lair:3   | Identified a scroll of acquirement
 19168 | Lair:4   | Acquired 623 gold pieces
 19186 | Lair:4   | Reached skill level 5 in Shields
 19236 | Lair:4   | Noticed Kirke
 19238 | Lair:4   | Reached skill level 5 in Alchemy
 19253 | Lair:4   | Killed Kirke
 19254 | Lair:4   | Reached skill level 5 in Spellcasting
 19604 | Lair:4   | Reached XP level 14. HP: 79/127 MP: 22/22
 19975 | Lair:4   | Received a gift from Nemelex Xobeh
 20275 | Lair:4   | Found a viscous altar of Jiyva.
 20293 | Lair:4   | Found a staircase to the Slime Pits.
 20306 | Lair:4   | Acquired the +3 warlock's mirror {omnireflect}
 20306 | Lair:4   | Found the +3 warlock's mirror {omnireflect}
 20307 | Lair:4   | Acquired the +10 demon whip of the Three Continents {elec,
                  | Will+ Int+3 Dex+3}
 20511 | Lair:5   | Entered Level 5 of the Lair of Beasts
 20666 | Lair:5   | Received a gift from Nemelex Xobeh
 20667 | Lair:5   | Found a dark tunnel.
 20727 | Volcano  | Entered a volcano
 20793 | Volcano  | Reached ****** piety under Nemelex Xobeh
 21275 | Volcano  | Found a burning altar of Makhleb.
 22039 | Lair:5   | Received a gift from Nemelex Xobeh
 22413 | Lair:5   | Identified the ring "Suicwe" {rPois rF+ Dex+5 Stlth-}
 22522 | Lair:5   | Reached skill level 5 in Armour
 23010 | Orc:1    | Entered Level 1 of the Orcish Mines
 23118 | Orc:1    | Found a roughly hewn altar of Beogh.
 23217 | Orc:1    | Received a gift from Nemelex Xobeh
 23392 | Orc:1    | Reached XP level 15. HP: 117/135 MP: 25/25
 23545 | Orc:2    | Entered Level 2 of the Orcish Mines
 23579 | Orc:2    | Found a roughly hewn altar of Beogh.
 23886 | Orc:2    | Received a gift from Nemelex Xobeh
 24035 | Orc:2    | Noticed Saint Roka
 24036 | Orc:2    | Saint Roka changed into Saint Roka the sphinx
 24036 | Orc:2    | Noticed Saint Roka
 24039 | Orc:2    | Killed Saint Roka the sphinx
 24164 | Orc:2    | Found a staircase to the Elven Halls.
 24166 | Orc:2    | Noticed Snorg
 24176 | Orc:2    | Killed Snorg
 24497 | Orc:2    | Found Luoh's Magic Scroll Shoppe.
 24497 | Orc:2    | Found Gasmy's Weapon Boutique.
 24499 | Orc:2    | Found Westraics's Assorted Antiques.
 24499 | Orc:2    | Found Cyutritir's Book Boutique.
 24540 | Orc:2    | Bought a scroll labelled WEMYNE NARGH for 40 gold pieces
 24548 | Orc:2    | Bought a manual of Alchemy for 1280 gold pieces
 24834 | D:12     | Found a stormy altar of Qazlal.
 24915 | D:12     | Received a gift from Nemelex Xobeh
 24975 | D:12     | Identified the +4 flail of Kemounio {freeze, rC+}
 25289 | D:12     | Received a gift from Nemelex Xobeh
 25753 | D:13     | Acquired the ring of Jofen {rF+ Will+ Slay+3 SInv}
 25791 | D:13     | Found a runed translucent door.
 25791 | D:13     | Noticed Ge0ff's ghost (adept MDSh)
 25810 | D:13     | Killed Ge0ff's ghost
 25989 | D:13     | Received a gift from Nemelex Xobeh
 26090 | D:13     | Learned a level 3 spell: Passwall
 26269 | D:13     | Noticed Lodul
 26278 | D:13     | Killed Lodul
 26290 | D:13     | Reached skill level 1 in Translocations
 26923 | D:14     | Received a gift from Nemelex Xobeh
 27003 | D:14     | Found a shimmering blue altar of Sif Muna.
 27082 | D:14     | Found a gate to the Vaults.
 27271 | D:15     | Entered Level 15 of the Dungeon
 27278 | D:15     | Paralysed by an air elemental for 1 turns
 27499 | D:15     | Found a staircase to the Depths.
 27543 | D:15     | Reached skill level 10 in Conjurations
 27555 | D:15     | Reached skill level 10 in Alchemy
 27647 | D:15     | Noticed Azrael
 27648 | D:15     | Azrael changed into Azrael the hell hound
 27648 | D:15     | Noticed Azrael
 27654 | D:15     | Killed Azrael the hell hound
 27657 | D:15     | Reached XP level 16. HP: 145/145 MP: 18/26
 27741 | D:15     | Got Sif Muna's Grimoire of the Lungs and the Xenolith
 27795 | D:15     | Received a gift from Nemelex Xobeh
 27890 | D:15     | Paralysed by an air elemental for 1 turns
 27897 | D:15     | Paralysed by an air elemental for 1 turns
 28096 | D:15     | Got the Discourse on Seismic Astrapomancy
 28298 | D:15     | Paralysed by an air elemental for 1 turns
 28316 | D:15     | Paralysed by an air elemental for 1 turns
 28412 | D:15     | Received a gift from Nemelex Xobeh
 28504 | D:15     | Reached skill level 5 in Throwing
 29042 | Swamp:1  | Entered Level 1 of the Swamp
 29452 | Swamp:1  | Got the Writings on the Turbulent Familiar
 29536 | Swamp:1  | Received a gift from Nemelex Xobeh
 30076 | Swamp:1  | Learned a level 2 spell: Blink
 31026 | Swamp:2  | Received a gift from Nemelex Xobeh
 31231 | Swamp:2  | Identified the staff of Incongruity {rPois rF+ Int-5 Earth}
 32346 | Swamp:3  | Reached XP level 17. HP: 134/154 MP: 28/28
 32508 | Swamp:3  | Received a gift from Nemelex Xobeh
 34016 | Swamp:3  | Identified the +4 quick blade "Geajueh" {antimagic, rElec
                  | rC+ Int+2}
 34168 | Swamp:4  | Entered Level 4 of the Swamp
 34233 | Swamp:4  | Received a gift from Nemelex Xobeh
 34689 | Swamp:4  | Reached skill level 15 in Fighting
 34846 | Swamp:4  | Acquired a manual of Throwing
 34851 | Swamp:4  | Got a decaying rune of Zot
 35699 | Snake:1  | Entered Level 1 of the Snake Pit
 35773 | Snake:1  | Noticed Donald
 35780 | Snake:1  | Killed Donald
 35796 | Snake:1  | Reached skill level 5 in Translocations
 35830 | Snake:1  | Reached skill level 5 in Dodging
 35850 | Snake:1  | Reached XP level 18. HP: 39/163 MP: 25/30
 36319 | Snake:1  | Received a gift from Nemelex Xobeh
 36662 | Snake:1  | Reached skill level 1 in Earth Magic
 36771 | Snake:1  | Received a gift from Nemelex Xobeh
 36899 | Snake:1  | Found Opnal's Book Shoppe.
 36900 | Snake:1  | Found Odoota's Jewellery Shop.
 36901 | Snake:1  | Found Pilakipp's Book Shoppe.
 36909 | Snake:1  | Bought the brooch of Shielding {Spirit SH+8} for 845 gold
                  | pieces
 36909 | Snake:1  | Found the brooch of Shielding {Spirit SH+8}
 38341 | Snake:2  | Received a gift from Nemelex Xobeh
 38439 | Snake:2  | Found a glowing silver altar of Zin.
 38693 | Snake:2  | Received a gift from Nemelex Xobeh
 38840 | Snake:2  | Noticed Vashnia
 38841 | Snake:2  | Killed Vashnia
 38842 | Snake:2  | Reached skill level 8 in Shapeshifting
 39877 | Snake:3  | Identified the serpent talisman of Sif Muna's Approval
                  | {Will+ Stlth+}
 39877 | Snake:3  | Noticed Aizul
 39899 | Snake:3  | Killed Aizul
 39900 | Snake:3  | Reached skill level 5 in Earth Magic
 40023 | Snake:3  | Reached skill level 9 in Shapeshifting
 40584 | Snake:3  | Upgraded the game from 0.32-a0-747-gc8563f6773 to
                  | 0.32-a0-768-g0f6f1dd4b9
 40600 | Snake:3  | Noticed Louise
 40630 | Snake:3  | Killed Louise
 40854 | Snake:3  | Received a gift from Nemelex Xobeh
 41010 | Snake:3  | Reached skill level 10 in Shapeshifting
 41117 | Snake:3  | Received a gift from Nemelex Xobeh
 41418 | Snake:4  | Entered Level 4 of the Snake Pit
 41453 | Snake:4  | Learned a level 2 spell: Lesser Beckoning
 41458 | Snake:4  | Learned a level 4 spell: Iskenderun's Mystic Blast
 41464 | Snake:4  | Learned a level 5 spell: Yara's Violent Unravelling
 41498 | Snake:4  | Received a gift from Nemelex Xobeh
 41518 | Snake:4  | Found a flickering gateway to a bazaar.
 41531 | Bazaar   | Entered a bazaar
 41603 | Bazaar   | Found Eschaheo's Jewellery Boutique.
 41627 | Bazaar   | Found Loall's Armour Emporium.
 41648 | Bazaar   | Found Otsaegug's Book Boutique.
 41668 | Bazaar   | Found Upsumme's Antique Armour Shoppe.
 41777 | Snake:4  | Reached skill level 11 in Shapeshifting
 41777 | Snake:4  | Reached XP level 19. HP: 154/170 MP: 15/31
 42746 | Snake:4  | Reached skill level 12 in Shapeshifting
 43050 | Snake:4  | Got a serpentine rune of Zot
 43570 | Elf:1    | Entered Level 1 of the Elven Halls
 43625 | Elf:1    | Received a gift from Nemelex Xobeh
 44216 | Elf:1    | Reached skill level 13 in Shapeshifting
 44356 | Elf:1    | Received a gift from Nemelex Xobeh
 44810 | Elf:2    | Found the +7 hand cannon "Mule" {flame, backblast, rF+}
 45226 | Elf:2    | Reached skill level 14 in Shapeshifting
 45245 | Elf:2    | Found a runed translucent gate.
 45245 | Elf:2    | Found a runed translucent gate.
 45245 | Elf:2    | Found a runed translucent gate.
 45707 | Elf:2    | Reached XP level 20. HP: 178/178 MP: 30/32
 46998 | Elf:2    | Identified the blade talisman of the Blind Marksman {rCorr
                  | Str+5 Int-2}
 47381 | Elf:3    | Entered Level 3 of the Elven Halls
 47387 | Elf:3    | Reached skill level 15 in Shapeshifting
 47435 | Elf:3    | Received a gift from Nemelex Xobeh
 47636 | Elf:3    | Identified the ring "Vukhlesy" {rCorr Int+6}
 47844 | Elf:3    | Identified the staff "Voxory" {*Slow rC+ rCorr Str+6 Dex-2
                  | Ice}
 47875 | Elf:3    | Reached skill level 16 in Shapeshifting
 48094 | Elf:3    | Identified the +5 mace of Gehenna {pain, rF++ MP+9 Int+2}
 48165 | Elf:3    | Reached skill level 1 in Hexes
 48519 | Elf:3    | Identified the ring of Sloth {Ice Stlth+}
 48691 | Elf:3    | Received a gift from Nemelex Xobeh
 48850 | Elf:3    | Got the Annotations on the Enthralling Crevasse
 48949 | Elf:3    | Identified the staff "Spiderslayer" {+Blink rF+ rN+ Will+
                  | Necro}
 49447 | Vaults:1 | Entered Level 1 of the Vaults
 49837 | Vaults:1 | Found Naso's Book Boutique.
 49947 | Vaults:1 | Received a gift from Nemelex Xobeh
 50629 | Vaults:1 | Received a gift from Nemelex Xobeh
 50881 | Vaults:1 | Identified the ring of the Ikuchi {*Corrode rElec Int+6
                  | Dex+4}
 51257 | Vaults:2 | Reached XP level 21. HP: 185/185 MP: 29/33
 51376 | Vaults:2 | Reached skill level 15 in Invocations
 51913 | Vaults:3 | Found a magical portal.
 51960 | WizLab   | Entered Yara's Duelist Academy
 52510 | WizLab   | Got Yara's Spellbook of Malisons
 52581 | WizLab   | Identified the +5 battleaxe "Waacw" {antimagic, ^Fragile
                  | rPois rN+}
 52778 | WizLab   | Received a gift from Nemelex Xobeh
 52803 | WizLab   | Noticed Xarof
 52810 | WizLab   | Killed Xarof the Head Instructor
 52844 | WizLab   | Got Yara's Octavo of the Faeries
 53397 | Vaults:4 | Identified the +10 bardiche of the Warrior {speed, *Noise
                  | MP+9 Int+4 Dex-2}
 53441 | Vaults:5 | Entered Level 5 of the Vaults
 53560 | Vaults:4 | Identified the amulet of Hidoer {Spirit MP+9}
 53578 | Vaults:4 | Reached skill level 5 in Hexes
 53674 | Vaults:4 | Noticed Norris
 53684 | Vaults:4 | Killed Norris
 53757 | Vaults:4 | Reached skill level 17 in Shapeshifting
 54323 | Vaults:4 | Found a runed translucent gate.
 54323 | Vaults:4 | Received a gift from Nemelex Xobeh
 54323 | Vaults:4 | Found a runed translucent gate.
 54323 | Vaults:4 | Found a runed translucent gate.
 54323 | Vaults:4 | Noticed Hociexiyce's ghost (veteran DjFE)
 54459 | Vaults:4 | Identified the orb of Filth {guile, -Tele rC+ Str+3 Int+2}
 54497 | Vaults:4 | Killed Hociexiyce's ghost
 54801 | Vaults:3 | Reached XP level 22. HP: 195/195 MP: 29/35
 54828 | Vaults:3 | Received a gift from Nemelex Xobeh
 55216 | Vaults:3 | Received a gift from Nemelex Xobeh
 55346 | Vaults:5 | Noticed a dread lich
 55351 | Vaults:5 | Killed a dread lich
 56249 | Vaults:2 | Found a staircase to the Crypt.
 56249 | Vaults:2 | Found an ancient bone altar of Kikubaaqudgha.
 56250 | Vaults:2 | Found a basalt altar of Yredelemnul.
 56409 | Vaults:2 | Received a gift from Nemelex Xobeh
 56891 | Depths:1 | Entered Level 1 of the Depths
 56921 | Depths:1 | Received a gift from Nemelex Xobeh
 56990 | Depths:1 | Reached skill level 15 in Alchemy
 57282 | Depths:1 | Found a gateway to Hell.
 58026 | Depths:1 | Received a gift from Nemelex Xobeh
 58027 | Depths:1 | Noticed a golden dragon
 58030 | Depths:1 | Noticed a golden dragon
 58054 | Depths:1 | Killed a golden dragon
 58055 | Depths:1 | Reached skill level 18 in Shapeshifting
 58063 | Depths:1 | Killed a golden dragon
 59068 | Depths:2 | Reached XP level 23. HP: 200/206 MP: 20/36
 59433 | Depths:2 | Found a one-way gate leading to the halls of Pandemonium.
 60478 | Depths:2 | Found a snail-covered altar of Cheibriados.
 60718 | Depths:3 | Identified the +0 long sword "Xol Hesh" {drain, rF+}
 61035 | Depths:3 | Gained mutation: You occasionally lose the ability to read
                  | scrolls when taking damage. [a shining eye]
 61037 | Depths:3 | Found a one-way gateway to a ziggurat.
 61050 | Depths:3 | Lost mutation: You occasionally lose the ability to read
                  | scrolls when taking damage. [potion of mutation]
 61050 | Depths:3 | Gained mutation: You are clumsy. (Dex -2) [potion of
                  | mutation]
 61050 | Depths:3 | Gained mutation: Your system is resistant to poisons.
                  | (rPois) [potion of mutation]
 61090 | Depths:3 | Found a one-way gate to the infinite horrors of the Abyss.
 61094 | Depths:3 | Received a gift from Nemelex Xobeh
 61520 | Depths:3 | Received a gift from Nemelex Xobeh
 61587 | Depths:3 | Noticed a dread lich
 61600 | Depths:3 | Killed a dread lich
 61792 | Depths:3 | You fall into a shaft and drop 1 floor!
 61792 | Depths:4 | Entered Level 4 of the Depths
 62105 | Depths:4 | Identified the +3 tower shield "Weovierch" {rC- Will+
                  | Regen+ rCorr}
 62105 | Depths:4 | Noticed Mennas
 62110 | Depths:4 | Noticed a juggernaut
 62157 | Depths:4 | Reached skill level 19 in Shapeshifting
 62458 | Depths:4 | Killed a juggernaut
 62565 | Depths:4 | Received a gift from Nemelex Xobeh
 62603 | Depths:4 | Killed Mennas
 62604 | Depths:4 | Reached skill level 10 in Spellcasting
 62975 | Depths:4 | Identified the +4 robe of Bedevilment {-Cast Str+3 Dex+2}
 62975 | Depths:4 | Noticed Boris
 63203 | Depths:4 | Killed Boris
 63435 | Depths:4 | Reached XP level 24. HP: 218/218 MP: 26/37
 63492 | Depths:4 | Reached skill level 10 in Dodging
 63506 | Depths:4 | Found a gate to the Realm of Zot.
 64329 | Depths:4 | Found an ancient bone altar of Kikubaaqudgha.
 65012 | Crypt:1  | Entered Level 1 of the Crypt
 65012 | Crypt:1  | Received a gift from Nemelex Xobeh
 65027 | Crypt:1  | Noticed Sojobo
 65038 | Crypt:1  | Killed Sojobo
 65046 | Vaults:2 | Reached skill level 20 in Shapeshifting
 65434 | Crypt:1  | Found a runed translucent gate.
 65434 | Crypt:1  | Found a runed translucent gate.
 65434 | Crypt:1  | Found an ancient bone altar of Kikubaaqudgha.
 65434 | Crypt:1  | Found a runed translucent gate.
 65434 | Crypt:1  | Noticed an ancient lich
 65434 | Crypt:1  | Noticed Yzeiphu's ghost (adept OpEE)
 65434 | Crypt:1  | Noticed a dread lich
 65434 | Crypt:1  | Noticed a dread lich
 65435 | Crypt:1  | Noticed Dassydak's ghost (adept GrFi)
 65894 | Crypt:1  | Killed an ancient lich
 65897 | Crypt:1  | Banished Yzeiphu's ghost
 65910 | Crypt:1  | Killed a dread lich
 65916 | Crypt:1  | Killed a dread lich
 65984 | Crypt:1  | Identified the ring of Duze Sus {rPois rC+ Int+4}
 65991 | Crypt:1  | Identified the +2 helmet of the Gardener {Int-2 Slay+6}
 66009 | Crypt:1  | Got Kikubaaqudgha's Papyrus of the Mortuary
 66685 | Crypt:2  | Identified the +3 sling "Vabuxock" {flame, rF+ rC+ rCorr
                  | Dex-3}
 66937 | Crypt:2  | Received a gift from Nemelex Xobeh
 67563 | Crypt:3  | Entered Level 3 of the Crypt
 68100 | Crypt:3  | Reached skill level 21 in Shapeshifting
 68167 | Crypt:3  | Found a staircase to the Tomb.
 68169 | Crypt:3  | Received a gift from Nemelex Xobeh
 68431 | Crypt:3  | Reached XP level 25. HP: 231/231 MP: 29/37
 69171 | Crypt:3  | Noticed Jory
 69184 | Crypt:3  | Killed Jory
 69460 | Crypt:3  | Got the Almanac of Malignant Words
 69573 | Crypt:3  | Got the Handbook of the Fairies
 69577 | Crypt:3  | Identified the +9 mace of Lolozag {holy, rPois Int+5}
 69986 | Crypt:1  | Found an ancient bone altar of Kikubaaqudgha.
 70049 | Crypt:1  | Killed Dassydak's ghost
 70421 | Vaults:5 | Noticed an ancient lich
 70703 | Vaults:5 | Reached skill level 22 in Shapeshifting
 70713 | Vaults:5 | Killed an ancient lich
 71275 | Vaults:5 | Got Kemoch's Handbook of the Great Work and Unspeakable
                  | Arts
 71947 | Vaults:5 | Identified the staff "Killer Bee's Death" {rF+++ Str-2
                  | Dex-2 SInv Earth}
 72122 | Vaults:5 | Found Anti's Antique Weapon Shop.
 72131 | Vaults:5 | Got a silver rune of Zot
 72196 | Vaults:5 | Identified the ring "Hiyptoibb" {rElec rC+ Dex+3}
 72910 | Orc:2    | Bought a scroll of enchant weapon for 127 gold pieces
 72910 | Orc:2    | Bought a scroll of teleportation for 51 gold pieces
 72910 | Orc:2    | Bought a scroll of immolation for 68 gold pieces
 72910 | Orc:2    | Bought a scroll of poison for 68 gold pieces
 72910 | Orc:2    | Bought a scroll of summoning for 161 gold pieces
 72915 | Orc:2    | Bought a potion of might for 160 gold pieces
 73049 | D:7      | Bought a scroll of teleportation for 39 gold pieces
 73206 | Snake:1  | Bought a manual of Shields for 1440 gold pieces
 73596 | Zot:1    | Entered Level 1 of the Realm of Zot
 73664 | Zot:1    | Reached skill level 23 in Shapeshifting
 73830 | Zot:1    | Received a gift from Nemelex Xobeh
 74504 | Zot:1    | Received a gift from Nemelex Xobeh
 74844 | Zot:1    | Identified the +0 leather armour of the Twisting Gods
                  | {rPois rF+ Int+2}
 75391 | Zot:2    | Received a gift from Nemelex Xobeh
 75401 | Zot:2    | Reached XP level 26. HP: 239/239 MP: 27/37
 76088 | Zot:4    | Noticed an ancient lich
 76433 | Zot:3    | Received a gift from Nemelex Xobeh
 76501 | Zot:3    | Reached skill level 24 in Shapeshifting
 77210 | Zot:3    | Received a gift from Nemelex Xobeh
 77718 | Zot:4    | Received a gift from Nemelex Xobeh
 77948 | Zot:4    | Killed an ancient lich
 78371 | Zot:4    | Acquired the ring "Notite" {rCorr AC+4}
 78514 | Zot:5    | Entered Level 5 of the Realm of Zot
 78619 | Zot:5    | Reached skill level 25 in Shapeshifting
 78777 | Zot:5    | Received a gift from Nemelex Xobeh
 79036 | Zot:5    | Noticed an orb of fire
 79037 | Zot:5    | Noticed an orb of fire
 79038 | Zot:5    | Noticed an orb of fire
 79038 | Zot:5    | Noticed an orb of fire
 79038 | Zot:5    | Noticed an orb of fire
 79039 | Zot:5    | Noticed an orb of fire
 79044 | Zot:4    | Killed an orb of fire
 79194 | Zot:5    | Killed an orb of fire
 79208 | Zot:5    | Killed an orb of fire
 79220 | Zot:5    | Gained mutation: Your body sometimes deteriorates upon
                  | taking damage. [an orb of fire]
 79234 | Zot:5    | Killed an orb of fire
 79264 | Zot:5    | Noticed an orb of fire
 79277 | Zot:5    | Killed an orb of fire
 79298 | Zot:5    | Noticed an ancient lich
 79312 | Zot:5    | Killed an ancient lich
 79315 | Zot:5    | Killed an orb of fire
 79404 | Zot:5    | Noticed a dread lich
 79423 | Zot:5    | Killed a dread lich
 79424 | Zot:5    | Reached skill level 26 in Shapeshifting
 79439 | Zot:5    | Killed an orb of fire
 79506 | Zot:5    | Noticed an orb of fire
 79520 | Zot:5    | Killed an orb of fire
 79588 | Zot:5    | Reached XP level 27. HP: 246/246 MP: 37/37
 79603 | Zot:5    | Noticed an orb of fire
 79614 | Zot:5    | Killed an orb of fire
 80869 | Zot:5    | Noticed an orb of fire
 80882 | Zot:5    | Killed an orb of fire
 80896 | Zot:5    | Reached skill level 27 in Shapeshifting
 81282 | Zot:5    | Lost mutation: You are clumsy. (Dex -2) [potion of
                  | mutation]
 81282 | Zot:5    | Lost mutation: Your system is resistant to poisons. (rPois)
                  | [potion of mutation]
 81282 | Zot:5    | Lost mutation: Your body sometimes deteriorates upon taking
                  | damage. [potion of mutation]
 81282 | Zot:5    | Gained mutation: Your spells are a little easier to cast,
                  | but a little less powerful. [potion of mutation]
 81282 | Zot:5    | Gained mutation: You passively map a small area around you.
                  | [potion of mutation]
 81282 | Zot:5    | Gained mutation: Your mind is acute. (Int +4, Str/Dex -1)
                  | [potion of mutation]
 81311 | Zot:5    | Got the Orb of Zot
 81482 | Zot:1    | Reached skill level 1 in Stealth
 81884 | D:9      | Noticed Jer Poen the pandemonium lord
 81896 | D:8      | Killed Jer Poen the pandemonium lord
 81897 | D:8      | Reached skill level 10 in Shields
 82032 | D:3      | Noticed Pytyekug the pandemonium lord
 82079 | D:$      | Escaped with the Orb!

Illustrated notes

Levels and vault maps discovered:
D:1:      dpeg_arrival_stonehenge_8_columns, layout_basic, minmay_bisected
D:2:      layout_loops_ring, nicolae_half_adder
D:3:      layout_rooms, nemelex_spade_bored_becter, uniq_jessica
D:4:      layout_gridville, serial_forest, infiniplex_forest_straight_5,
          infiniplex_forest_lined_room_, infiniplex_forest_3_way,
          infiniplex_forest_corner_2, infiniplex_forest_clump_tiny,
          infiniplex_forest_lined_ring, infiniplex_forest_lined_room_,
          st_stairs_2, bh_walls_and_bars
D:5:      layout_loops_ring, uniq_crazy_yiuf_cottage
D:6:      nicolae_BIG_FREAKIN_CUBE, layout_gridville, minmay_temple_entry_waves,
          serial_shops, nicolae_shop_peninsula, shop, shop, shop
D:7:      layout_basic, makhleb_heckhound_becter, serial_shops,
          nicolae_shop_pleasant_corner_grove, uniq_maurice
D:8:      layout_basic, mainiacjoe_overflow_tiny_flanked, erik_lair_island
D:9:      layout_stronghold, david_orc_3, ebering_ghost_xom
D:10:     layout_stronghold, uniq_gastronok, uniq_josephine
D:11:     layout_small_grid, enter_trove_1, serial_shops, bzr_entry_water,
          gauntlet_entry_generic
D:12:     layout_cave_pods, nicolae_qazlal_general_emergency
D:13:     layout_basic, hellmonk_ghost_happy_afterlife, uniq_lodul
D:14:     layout_rooms, erik_vaults_2, led_sif_pool
D:15:     hangedman_crystal_crosses_colossus [crystal_crosses_arms_four,
          crystal_crosses_arms_two, crystal_crosses_arms_two], uniq_azrael
Temple:   compressed_dpeg_triangle_lava_temple
Lair:1:   layout_regular_city
Lair:2:   layout_chaotic_city, minmay_snake_entry_guardpost_large,
          serial_bayou_shore_a, grunt_megastairs_5, uniq_fannar
Lair:3:   layout_layer_cave, skrybe_swamp_entry_bodies, uniq_nessos
Lair:4:   layout_roguey, nicolae_slime_entry_field_trip, uniq_kirke
Lair:5:   evilmike_catoblepas_cave, layout_hall_layers,
          nicolae_volcano_entry_two_sided, hangedman_lair_unloving_vines,
          lemuel_fruit_fields
Swamp:1:  layout_falls_marsh, hangedman_swamp_ruin_wall,
          beargit_elvish_explorers
Swamp:2:  layout_basic_swamp, hangedman_swamp_lotus
Swamp:3:  bobbens_index_wilting_gardens, layout_basic_swamp,
          nicolae_swamp_bean_lake
Swamp:4:  swamp_fiery, layout_basic_swamp
Snake:1:  minmay_snake_river, layout_basic, serial_bayou_shore_b,
          grunt_megastairs_4, minmay_shop_grove, uniq_donald
Snake:2:  layout_honeycomb, basic_altar, grunt_megastairs_2, uniq_vashnia
Snake:3:  layout_grid_shapes, uniq_aizul, uniq_louise
Snake:4:  snake_pit, layout_misc_corridors, serial_shops, statue_bzr
Orc:1:    layout_caves, nicolae_orc_beogh_chapel
Orc:2:    grunt_orc_tribal_feast, layout_diamond_mine, mines2_david, uniq_snorg,
          uniq_saint_roka
Elf:1:    layout_loops_corners, nicolae_elf_crossing_hall
Elf:2:    elven_hall_of_blades_hangedman_original [nicolae_blade_little_rooms],
          layout_geoelf_grid
Elf:3:    grunt_elf_hall_spiral, layout_loops_ring
Vaults:1: hangedman_vaults_nails, nicolae_vaults_variable_pillar_hall,
          nicolae_vaults_spaceships, nicolae_vaults_swerve, v_misc_25,
          v_misc_10, ontoclasm_vaults_decontamination,
          nicolae_vaults_oval_intersection, grunt_vaults_trifunnel,
          vaults_room_door_ring, vaults_mumra_minichess_inversion,
          hangedman_vaults_restitches, nicolae_vaults_shipping_containers_7,
          grunt_vaults_hallway_long, layout_vaults_omnibox, serial_shops, shop
Vaults:2: minmay_crypt_entry_necro_gods, vaults_room_glass_cross,
          nicolae_vaults_triangles, v_misc_27,
          nicolae_vaults_trapezoid_lopsided_1, hangedman_vaults_unwind,
          nicolae_vaults_little_ls, layout_vaults_omnigrid
Vaults:3: mu_enter_wizlab_4, vaults_standard_mumra_enter_the_diamond,
          ontoclasm_vaults_spin, v_rooms_5, v_rooms_2, nicolae_vaults_six-pack,
          vaults_dpeg_emergency_exit, hangedman_vaults_nails,
          nicolae_vaults_circle_grid_b, nicolae_vaults_tetromino_T_1,
          nicolae_vaults_tetromino_Z_1, layout_vaults_big_room
Vaults:4: gammafunk_ghost_spectres, dpeg_vaults_monster_box, v_misc_5,
          grunt_vaults_funnel, nicolae_vaults_network_square,
          ontoclasm_vaults_pinch, nicolae_vaults_stand_back,
          nicolae_vaults_weapon_check, nicolae_vaults_bisected_exclaves,
          nicolae_vaults_oval_intersection, serial_library_hellmonk_open_cross,
          v_misc_15, vaults_dpeg_diagonal, layout_vaults_ring, uniq_norris
Vaults:5
Crypt:1:  layout_rooms, gammafunk_ghost_crypt, wad_floor_pattern_2, uniq_sojobo,
          uniq_josephina
Crypt:2:  layout_catacombs
Crypt:3:  due_elkab, layout_chaotic_city
Depths:1: layout_gridlike, minmay_misc_feat_rugged, hell_entry, serial_bayou,
          serial_bayou_crossing, serial_bayou_shore_b, serial_bayou_lagoon_a,
          serial_bayou_pond_c, serial_bayou_lake_a, serial_bayou_pond_d,
          minmay_liquid_box, minmay_evil_grid
Depths:2: pf_snail_temple, layout_basic, hell_entry, nicolae_lava_and_water,
          grunt_pan_entry_sceptre
Depths:3: hellmonk_paralyzer, layout_gridlike, enter_ziggurat_d,
          abyss_entry_small_statue_room, hell_entry, grunt_decor_one_mirror,
          dk_noncrumbling_3
Depths:4: grunt_zot_entry_funnels, layout_long_grid, hell_entry, special_room
          [special_room_mythical_zoo], nicolae_twisty_statue_hallways,
          roadster_trireme, uniq_boris, uniq_mennas
Zot:1:    layout_concentric_octagons, st_single_dragon_hoard_1
Zot:2:    layout_basic
Zot:3:    layout_cathedral_of_symmetry
Zot:4:    ebering_klown_carousel, layout_twisted_circle,
          regret_index_zotdec_split_disrupt, drop_trap
Zot:5:    layout_misc_corridors

Skill      XL: |  1  2  3  4  5  6  7  8  9 10 11 12 13 14 15 16 17 18 19 20 21 22 23 24 25 26 27 |
---------------+----------------------------------------------------------------------------------+-----
Fighting       | 2 3 5 7 9 12 13 14 15 16 17 18 19 20 | 20.0
Shapeshifting  | 3 4 5 7 11 14 16 17 18 19 21 23 26 27 | 27.0
Maces & Flails | 1 2 3 5 11 13 14 | 14.0
Invocations    | 2 3 4 7 9 10 11 13 14 15 16 | 16.5
Armour         | 1 3 5 7 |  7.0
Evocations     | 1 3 5 6 7 |  7.1
Throwing       | 1 2 3 4 6 7 |  7.7
Dodging        | 3 5 6 7 8 9 11 | 11.9
Shields        | 3 5 7 8 9 10 | 10.0
Spellcasting   | 3 5 7 8 9 10 | 10.0
Conjurations   | 3 6 8 10 11 12 | 12.0
Alchemy        | 3 5 7 10 12 13 14 15 | 15.0
Translocations | 2 3 5 6 7 |  7.0
Earth Magic    | 5 |  5.0
Hexes          | 3 5 7 |  7.0
Stealth        | 2 |  2.4
Unarmed Combat | |  3.5

Action                     |  1- 3 |  4- 6 |  7- 9 | 10-12 | 13-15 | 16-18 | 19-21 | 22-24 | 25-27 || total
---------------------------+-------+-------+-------+-------+-------+-------+-------+-------+-------++-------
  Melee: Unarmed           |    55 |       |       |       |       |       |       |       |       ||    55
         Whip              |    35 |   196 |   308 |   224 |       |       |       |       |       ||   763
         Flail             |       |       |    19 |    71 |       |       |       |       |       ||    90
         Morningstar       |       |       |       |     4 |       |       |       |       |       ||     4
         Mace              |       |       |       |   106 |   258 |       |       |       |       ||   364
         Demon whip        |       |       |       |       |   533 |   798 |   900 |  1548 |  1126 ||  4905
  Throw: Stone             |     1 |    15 |       |       |       |       |       |       |       ||    16
         Boomerang         |       |     3 |    69 |    39 |   142 |   169 |    68 |   121 |       ||   611
         Throwing net      |       |       |     1 |       |       |       |     1 |     1 |     1 ||     4
         Dart              |       |       |       |       |       |       |       |     1 |     2 ||     3
   Cast: Irradiate         |       |       |       |       |     1 |    87 |   160 |   130 |   139 ||   517
         Blink             |       |       |       |       |       |     3 |       |       |       ||     3
         Apportation       |       |       |       |       |       |     5 |     1 |       |     7 ||    13
         Yara's Violent Un |       |       |       |       |       |       |     1 |     1 |     6 ||     8
         Lesser Beckoning  |       |       |       |       |       |       |    61 |    81 |   135 ||   277
         Iskenderun's Myst |       |       |       |       |       |       |       |       |     2 ||     2
 Invoke: Draw Destruction  |       |     1 |     1 |    38 |    26 |    38 |    29 |    23 |    15 ||   171
         Draw Summoning    |       |       |     1 |     6 |     8 |    18 |    15 |     9 |    19 ||    76
         Draw Escape       |       |       |       |     6 |     1 |     7 |       |     4 |       ||    18
         Triple Draw       |       |       |       |       |     1 |       |       |       |     2 ||     3
         Stack Five        |       |       |       |       |     1 |     1 |     2 |     1 |       ||     5
         Deal Four         |       |       |       |       |     5 |     4 |     4 |     5 |     5 ||    23
         Draw Stack        |       |       |       |       |       |     1 |     4 |     2 |     1 ||     8
Ability: Begin Untransform |       |     1 |     1 |     1 |       |       |       |     1 |       ||     4
  Evoke: Wand              |       |     1 |    16 |     4 |     8 |     4 |     1 |    14 |    15 ||    63
         Condenser vane    |       |       |       |     2 |     4 |     4 |     6 |     4 |     3 ||    23
         Phantom mirror    |       |       |       |       |       |     1 |     1 |     1 |     1 ||     4
         Lightning rod     |       |       |       |       |       |       |       |       |     3 ||     3
    Use: Potion            |     1 |     1 |     2 |     6 |     1 |     2 |       |     5 |    13 ||    31
         Scroll            |     3 |     2 |     8 |    17 |    13 |     5 |    11 |    15 |    28 ||   102
   Stab: Invisible         |       |       |       |     3 |       |       |       |     1 |     2 ||     6
         Confused          |       |       |       |       |     1 |     2 |       |       |       ||     3
         Petrified         |       |       |       |       |     5 |       |       |       |       ||     5
         Petrifying        |       |       |       |       |     1 |       |       |       |       ||     1
         Paralysed         |       |       |       |       |       |     2 |       |       |     3 ||     5
         Distracted        |       |       |       |       |       |     2 |     2 |     1 |     1 ||     6
 Armour: Animal skin       |    41 |    43 |       |       |       |       |       |       |       ||    84
         Skin              |     8 |       |    11 |       |     1 |       |   674 |  1513 |  1137 ||  3344
         Ring mail         |       |    66 |    43 |       |       |       |       |       |       ||   109
         Scale mail        |       |       |   203 |   127 |       |       |       |       |       ||   330
         Chain mail        |       |       |       |   191 |   520 |   680 |   105 |       |       ||  1496
         Leather armour    |       |       |       |    13 |       |       |       |       |       ||    13
  Dodge: Dodged            |    50 |    94 |   150 |   142 |   172 |   207 |   393 |   960 |   640 ||  2808
  Block: Kite shield       |       |       |       |    56 |   173 |       |       |       |       ||   229
         Buckler           |       |       |       |       |    84 |   449 |   856 |  1502 |  1070 ||  3961
         Reflection        |       |       |       |       |    14 |   116 |   147 |   113 |   118 ||   508
   Form: Beast             |       |     1 |     1 |       |       |       |       |       |       ||     2
         Statue            |       |       |       |       |       |       |     1 |     1 |       ||     2

Table legend: (Time is in decaauts)
 A = Elapsed time spent in this place.
 B = Non-inter-level travel time spent in this place.
 C = Inter-level travel time spent in this place.
 D = Time resting spent in this place.
 E = Time spent auto-exploring this place.
 F = Levels seen in this place.
 G = Mean time per level.
                   A        B        C        D        E       F      G
               +--------+--------+--------+--------+--------+-----+--------+
         Total |  98866 |  88293 |  10573 |   8139 |  59226 |  56 | 1765.5 |
       Dungeon |  20381 |  17382 |   2999 |   1389 |  11605 |  15 | 1358.7 |
        Temple |      1 |      1 |      0 |      0 |      0 |   1 |    1.0 |
          Lair |   8406 |   6956 |   1450 |    167 |   5096 |   5 | 1681.2 |
         Swamp |   7053 |   6277 |    776 |    514 |   4567 |   4 | 1763.2 |
     Snake Pit |   7000 |   6433 |    567 |    319 |   4888 |   4 | 1750.0 |
  Orcish Mines |   2535 |   1517 |   1018 |     50 |   1207 |   2 | 1267.5 |
   Elven Halls |   6728 |   6260 |    468 |    748 |   3883 |   3 | 2242.7 |
        Vaults |  13226 |  11683 |   1543 |   1146 |   7870 |   5 | 2645.2 |
         Crypt |   7078 |   6733 |    345 |     78 |   4838 |   3 | 2359.3 |
        Depths |  11870 |  11075 |    795 |    889 |   7865 |   4 | 2967.5 |
           Zot |  11412 |  10805 |    607 |   1842 |   6282 |   5 | 2282.4 |
        Bazaar |    259 |    259 |      0 |      0 |    169 |   2 |  129.5 |
       Volcano |    750 |    750 |      0 |    198 |    275 |   1 |  750.0 |
        Wizlab |   1368 |   1368 |      0 |    618 |    336 |   1 | 1368.0 |
      Gauntlet |    792 |    792 |      0 |    179 |    342 |   1 |  792.0 |
               +--------+--------+--------+--------+--------+-----+--------+

Top non-repeatable levels by time:
   Zot:5: 3783 daAuts
Depths:4: 3359 daAuts
Vaults:4: 3053 daAuts
Depths:2: 3006 daAuts
Vaults:2: 2890 daAuts
 Crypt:3: 2840 daAuts
Depths:3: 2828 daAuts
Vaults:5: 2797 daAuts
Depths:1: 2676 daAuts
Vaults:1: 2668 daAuts
 Swamp:3: 2545 daAuts
   Zot:3: 2446 daAuts
   Elf:3: 2430 daAuts
   Elf:2: 2423 daAuts
 Crypt:2: 2408 daAuts
